 Dungeon Crawl Stone Soup version 0.28.0-45-g0d030f2227 (webtiles) character file.

Game seed: 9822836044628569291

2 Fartwhistle the Ruffian (level 1, 0/18 HPs)
             Began as a Naga Transmuter on May 18, 2022.
             Succumbed to a kobold's poison
             ... on level 1 of the Dungeon.
             The game lasted 00:00:17 (192 turns).

Fartwhistle the Ruffian (Naga Transmuter)            Turns: 192, Time: 00:00:18

Health: 0/18       AC:  1    Str: 12    XL:     1   Next: 40%
Magic:  2/3        EV:  9    Int: 13    God:
Gold:   0          SH:  0    Dex: 11    Spells: 3/4 levels left

rFire   . . .      SeeInvis +     - Unarmed
rCold   . . .      Faith    .   (no shield)
rNeg    . . .      Spirit   .   a - +0 robe
rPois   +          Reflect  .   (helmet currently unavailable)
rElec   .          Harm     .   (no cloak)
rCorr   .          Rampage  .   (no gloves)
Will    .....                   (no barding)
Stlth   +.........              (no amulet)
HPRegen 0.06/turn               (no ring)
MPRegen 0.08/turn               (no ring)

@: lethally poisoned (0 -> -4), appendages, very slow
A: horns 2, AC +0, large, see invisible, deformed body, poison resistance,
slowness 2, spit poison 1, naga tail 1
a: Spit Poison, End Transformation


You were on level 1 of the Dungeon.
You had temporarily grown beastly horns.
You visited 1 branch of the dungeon, and saw 1 of its levels.

Inventory:

Armour
 a - a +0 robe (worn)
 b - a +0 pair of gloves


   Skills:
 + Level 1.0 Fighting
 + Level 1.6 Dodging
 + Level 3.0 Unarmed Combat
 + Level 2.0 Spellcasting
 + Level 2.0 Transmutations


You had 3 spell levels left.
You knew the following spells:

 Your Spells              Type           Power      Damage    Failure   Level
a - Beastly Appendage     Tmut           12%        N/A       11%         1

Your spell library contained the following spells:

 Spells                   Type           Power      Damage    Failure   Level
 Wereblood                Tmut           6%         N/A       17%         2
 Spider Form              Tmut/Pois      4%         N/A       45%         3
 Ice Form                 Ice/Tmut       4%         N/A       86%         4


Dungeon Overview and Level Annotations

Branches:
Dungeon (1/15)

Altars:


Innate Abilities, Weirdness & Mutations

You have temporarily grown beastly horns.
Your serpentine skin is tough. (AC +0)
You have supernaturally acute eyesight. (SInv)
Armour fits poorly on your strangely shaped body.
Your system is resistant to poisons. (rPois)
You cover ground very slowly.
You can spit poison.
You have a snake-like lower body.


Message History

You have got your breath back.
A hobgoblin comes into view.
Aiming: Spit Poison (3% risk of failure)
Press: ? - help, Shift-Dir - straight line, f/p - kobold
Aim: a kobold, wielding a +1 whip of venom and quivering stones (moderately wounded, 43% to hit)
The splash of poison misses the kobold.
The hobgoblin shouts!
You hit the kobold. Your punch misses the kobold.
The kobold is heavily wounded.
The kobold hits you with a +1 whip of venom.
You are poisoned.
You hit the kobold but do no damage.
The kobold is heavily wounded.
You feel very sick.
The kobold hits you with a +1 whip of venom.
You are too injured to fight recklessly!
You are too injured to fight recklessly!
You are too injured to fight recklessly!
You closely miss the kobold.
The kobold is heavily wounded.
You feel sick.
The kobold hits you with a +1 whip of venom.
You closely miss the kobold. Your headbutt misses the kobold.
The kobold is heavily wounded.
* * * LOW HITPOINT WARNING * * *
You feel sick.
You miss the kobold.
The kobold is heavily wounded.
* * * LOW HITPOINT WARNING * * *
You feel sick. The kobold barely misses you.
You closely miss the kobold.
The kobold is heavily wounded.
* * * LOW HITPOINT WARNING * * *
You feel sick.
The kobold hits you with a +1 whip of venom.
* * * LOW HITPOINT WARNING * * *
You hit the kobold.
You kill the kobold!
You have got your breath back.
You die...

.####...............
........##'###.......#..
.†..#####..###..........
....# #...............
...######..#....###.....
.(.##...................
...##........†..........
.................)g...#
.........#.#....@.....#
.>....####+##........
...... #........ ......
......... .....
..#..##.. #....... .
#........ ##...$...


You could see a hobgoblin.

Vanquished Creatures
  A giant cockroach (D:1)
  A hobgoblin (D:1)
  A kobold (D:1)
3 creatures vanquished.

Notes
Turn   | Place    | Note
-------+----------+-------------------------------------------
     0 | D:1      | Fartwhistle the Naga Transmuter began the quest for the
                  | Orb.
     0 | D:1      | Reached XP level 1. HP: 18/18 MP: 3/3
   192 | D:1      | Succumbed to a kobold's poison

Illustrated notes

Levels and vault maps discovered:
D:1:      dpeg_arrival_rooms_b, layout_basic, serial_shops,
          nicolae_shop_window_shopping

Action                   || total
-------------------------++-------
Melee: Unarmed           ||    20
 Cast: Beastly Appendage ||     2
 Abil: Spit Poison       ||     2
Dodge: Dodged            ||     7
